 Dungeon Crawl Stone Soup version 0.26.1-2-gb8aa6d0cf2 (webtiles) character file.

Game seed: 6941156581534077917

3164 raph the Geomancer (level 9, -10/48 HPs)
             Began as a Deep Elf Earth Elementalist on Mar 28, 2021.
             Was a Believer of Makhleb.
             Mangled by a death yak (13 damage)
             ... on level 9 of the Dungeon.
             The game lasted 00:20:16 (10728 turns).

raph the Geomancer (Deep Elf Earth Elementalist)   Turns: 10728, Time: 00:20:17

Health: -10/48     AC: 10    Str:  5    XL:     9   Next: 63%
Magic:  17/17      EV: 15    Int: 24    God:    Makhleb [**....]
Gold:   398        SH:  0    Dex: 15    Spells: 0/16 levels left

rFire    . . .     SeeInvis .   E - +3 scimitar (freeze) (curse)
rCold    . . .     Faith    .   (no shield)
rNeg     . . .     Spirit   .   c - +1 robe
rPois    +         Reflect  .   g - +0 helmet (curse)
rElec    .         Harm     .   y - +2 cloak
rCorr    .         Rampage  .   (no gloves)
Will     .....                  z - +2 pair of boots
Stlth    ++++......             (no amulet)
HPRegen  0.16/turn              v - ring of poison resistance
MPRegen  0.15/turn              u - ring of stealth

@: brilliant
A: no striking features
a: Renounce Religion, Minor Destruction


You were on level 9 of the Dungeon.
You worshipped Makhleb.
Makhleb was pleased with you.
You visited 2 branches of the dungeon, and saw 10 of its levels.

You collected 492 gold pieces.
You spent 94 gold pieces at shops.

Inventory:

Hand Weapons
 a - a +1 dagger
 n - a +1 vorpal spear
 A - a +3 falchion
 E - a cursed +3 scimitar of freezing (weapon)
Missiles
 b - 164 stones
Armour
 c - a +1 robe (worn)
 g - a cursed +0 helmet (worn)
 y - a +2 cloak (worn)
 z - a +2 pair of boots (worn)
Jewellery
 k - an uncursed ring of fire
 u - a ring of stealth (right hand)
 v - a ring of poison resistance (left hand)
 B - an uncursed ring of protection from fire
Wands
 d - a wand of paralysis (8)
 m - a wand of flame (12)
 s - a wand of digging (5)
 C - a wand of iceblast (8)
 D - a wand of polymorph (4)
Scrolls
 j - a scroll of fear
 o - 4 scrolls of teleportation
 x - a scroll of blinking
Potions
 h - 4 potions of degeneration
 i - 6 potions of lignification
 l - 2 potions of attraction
 p - 2 potions of berserk rage
 q - 2 potions of might {unknown}
 r - a potion of flight {unknown}
 t - 4 potions of curing
 w - 2 potions of mutation


   Skills:
 + Level 2.2 Fighting
 + Level 5.0 Dodging
 + Level 5.3 Stealth
 * Level 4.3 Spellcasting
 - Level 1.1 Transmutations
 + Level 12.6 Earth Magic
 + Level 2.8 Invocations


You couldn't memorise any spells.
You knew the following spells:

 Your Spells              Type           Power        Failure   Level
a - Sandblast             Erth           100%         1%          1
b - Passwall              Tmut/Erth      45%          1%          2
c - Stone Arrow           Conj/Erth      100%         2%          3
d - Lee's Rapid Deconstr  Erth           39%          1%          5
e - Petrify               Tmut/Erth      55%          5%          4
f - Magic Dart            Conj           28%          10%         1

Your spell library contained the following spells:

 Spells                   Type           Power        Failure   Level
 Freeze                   Ice            28%          10%         1
 Frozen Ramparts          Ice            14%          28%         3
 Ozocubu's Armour         Ice            7%           28%         3
 Hailstorm                Conj/Ice       7%           67%         4
 Summon Ice Beast         Ice/Summ       7%           67%         4


Dungeon Overview and Level Annotations

Branches:
Dungeon (9/15)             Temple (1/1) D:4
   Lair: D:8-11         Orc: D:9-12

Altars:
Ashenzari
Cheibriados
Dithmenos
Elyvilon
Fedhas
Gozag
Hepliaklqana
Kikubaaqudgha
Makhleb
Nemelex Xobeh
Okawaru
Qazlal
Ru
Sif Muna
Trog
Uskayaw
Vehumet
Wu Jian
Xom
Yredelemnul
Zin
The Shining One

Shops:
D:5 (   D:7 [


Message History

The death yak is almost dead.
The death yak gores you.
There is an open door here.
There is a stone staircase leading down here.
Casting: Lee's Rapid Deconstruction (dangerous; 1% risk of failure)
Confirm with . or Enter, or press ? or * to list all spells.
Aiming: Lee's Rapid Deconstruction (dangerous; 1% risk of failure)
Press: ? - help, Dir - move target A rock wall.
You feel a surge of power!
The wall shatters!
The blast of rock fragments hits the death yak!
The death yak is almost dead.
The blast of rock fragments hits the death yak.
The death yak is severely wounded.
The death yak gores you!!
Ouch! That really hurt!
* * * LOW HITPOINT WARNING * * *
Magic courses through your body. The death yak gores you!
You die...

#.###....#######
#.# #....# #.#
#....# #.# #....#
#.# #....# #.#
###'##
##.#####Y########
#......Y>.....[..
########@#####...
#<..####.#......
###........#
######.### ....
##.### #.# #.#
#.#


You could see 2 death yaks.

Vanquished Creatures
  2 water moccasins
  A black bear (D:7)
  3 sky beasts
  3 ice beasts
  3 ogres
  A centaur (D:6)
  A necrophage (D:5)
  2 bullfrogs
  A scorpion (D:6)
  4 killer bees (D:8)
  7 wights
  4 crimson imps (D:4)
  2 bullfrog zombies (D:5)
  3 jellies
  2 hounds
  An orc priest (D:8)
  9 orc wizards
  Crazy Yiuf (D:5)
  3 iguanas
  8 worker ants
  A hound zombie (D:6)
  2 hound skeletons
  A howler monkey zombie (D:7)
  A worker ant zombie (D:5)
  9 adders
  A gnoll (D:1)
  2 white imps
  2 ufetubi
  2 oozes
  An adder zombie (D:5)
  A dart slug (D:1)
  4 leopard geckos
  30 orcs
  8 giant cockroaches
  7 goblins
  5 hobgoblins
  3 jackals
  2 quokkas
  A ball python (D:2)
  6 bats
  4 frilled lizards
  2 gnoll zombies (D:3)
  5 kobolds (D:1)
  5 rats
166 creatures vanquished.

Vanquished Creatures (others)
  3 plants (D:1)
3 creatures vanquished.

Grand Total: 169 creatures vanquished

Notes
Turn   | Place    | Note
-------+----------+-------------------------------------------
     0 | D:1      | raph the Deep Elf Earth Elementalist began the quest for
                  | the Orb.
     0 | D:1      | Reached XP level 1. HP: 10/10 MP: 6/6
   273 | D:1      | Reached XP level 2. HP: 13/15 MP: 5/8
   679 | D:1      | Learned a level 2 spell: Passwall
   753 | D:1      | Reached XP level 3. HP: 19/19 MP: 7/9
   849 | D:1      | Reached skill level 4 in Earth Magic
  1443 | D:2      | Learned a level 3 spell: Stone Arrow
  1463 | D:2      | Reached XP level 4. HP: 18/24 MP: 8/11
  2135 | D:3      | Found a basalt altar of Yredelemnul.
  2535 | D:3      | Found an opulent altar of Gozag.
  3332 | D:3      | Reached XP level 5. HP: 28/28 MP: 6/13
  3342 | D:3      | Learned a level 5 spell: Lee's Rapid Deconstruction
  3397 | D:4      | Reached skill level 5 in Earth Magic
  3491 | D:4      | Reached skill level 6 in Earth Magic
  3494 | D:4      | Reached XP level 6. HP: 29/32 MP: 9/14
  3550 | D:4      | Found a staircase to the Ecumenical Temple.
  3559 | Temple   | Entered the Ecumenical Temple
  3794 | Temple   | Became a worshipper of Makhleb the Destroyer
  4385 | D:4      | Found a shimmering altar of Xom.
  4393 | D:4      | Reached skill level 7 in Earth Magic
  4627 | D:5      | Entered Level 5 of the Dungeon
  4735 | D:5      | Reached skill level 8 in Earth Magic
  4735 | D:5      | Reached XP level 7. HP: 36/36 MP: 11/15
  4949 | D:5      | Reached skill level 9 in Earth Magic
  5012 | D:5      | Found a broken altar of Ashenzari.
  5257 | D:5      | Found a sparkling altar of Nemelex Xobeh.
  5324 | D:5      | Found Giekel Kegith's Weapon Shoppe.
  5332 | D:5      | Reached XP level 8. HP: 41/41 MP: 12/16
  5343 | D:5      | Reached skill level 10 in Earth Magic
  5702 | D:5      | Found a runed translucent door.
  5703 | D:5      | Noticed Crazy Yiuf
  5709 | D:5      | Killed Crazy Yiuf
  6417 | D:6      | Reached skill level 11 in Earth Magic
  6860 | D:6      | Reached * piety under Makhleb
  7644 | D:7      | Reached skill level 12 in Earth Magic
  7792 | D:7      | Reached XP level 9. HP: 46/46 MP: 14/17
  7797 | D:7      | Learned a level 4 spell: Petrify
  7878 | D:7      | Found Porr's Antique Armour Boutique.
  7882 | D:7      | Bought a helmet for 94 gold pieces
  7914 | D:7      | Reached skill level 1 in Invocations
  7915 | D:7      | Reached skill level 1 in Fighting
  8338 | D:7      | Found a radiant altar of Vehumet.
  8346 | D:7      | Identified Vehumet's Handbook of Arcane Weapons
  8415 | D:7      | Found an ancient bone altar of Kikubaaqudgha.
  8454 | D:7      | Found a shimmering blue altar of Sif Muna.
  9131 | D:8      | Found a glowing silver altar of Zin.
  9143 | D:8      | Found a hazy altar of Hepliaklqana.
  9146 | D:8      | Found a bloodstained altar of Trog.
  9149 | D:8      | Found a hide-covered altar of Uskayaw.
  9320 | D:8      | Reached skill level 5 in Stealth
  9322 | D:8      | Reached ** piety under Makhleb
  9670 | D:8      | Learned a level 1 spell: Magic Dart
  9748 | D:8      | Found a sacrificial altar of Ru.
 10351 | D:9      | Found a stormy altar of Qazlal.
 10352 | D:9      | Noticed a death yak
 10361 | D:9      | Reached skill level 5 in Dodging
 10672 | D:9      | Noticed a death yak
 10672 | D:9      | Noticed a death yak
 10683 | D:9      | Noticed a death yak
 10683 | D:9      | Noticed a death yak
 10683 | D:9      | Noticed a death yak
 10686 | D:9      | Noticed a death yak
 10726 | D:9      | HP: 2/48 [death yak (25)]
 10728 | D:9      | Mangled by a death yak

Illustrated notes

Levels and vault maps discovered:
D:1:      dpeg_arrival_rhombi, layout_rooms, serial_bayou_pond_b
D:2:      layout_rooms, kennysheep_generic_room_14
D:3:      layout_basic, lemuel_doored_altar, lemuel_zombie_altar_yredelemnul
D:4:      minmay_spotlight, layout_gridville, led_xom_imps,
          minmay_temple_entry_tees
D:5:      layout_basic, cheibrodos_ashenzari_chains, serial_shops,
          kennysheep_little_box, basic_altar, uniq_crazy_yiuf_cottage
D:6:      layout_basic
D:7:      layout_cave_pools, palyth_temple_overflow_mages, serial_shops, shop
D:8:      layout_gridville, grunt_temple_overflow_cloverleaf,
          overflow_temple_1_default
D:9:      layout_basic, overflow_temple_1_default, dpeg_lair_monsters,
          serial_corexii_hall, corexii_hall_statues_t, chequers_hall_statues_y
Temple:   jpeg_temple_island

Skill      XL: |  1  2  3  4  5  6  7  8  9 |
---------------+----------------------------+-----
Stealth        | 3 4 5 |  5.3
Earth Magic    | 4 6 8 9 12 | 12.6
Dodging        | 3 5 |  5.0
Spellcasting   | 4 |  4.3
Invocations    | 2 |  2.8
Fighting       | 2 |  2.2
Transmutations | |  1.1

Action                   |  1- 3 |  4- 6 |  7- 9 || total
-------------------------+-------+-------+-------++-------
Melee: Dagger            |    14 |     9 |     6 ||    29
       Spear             |     4 |       |       ||     4
       Falchion          |       |       |    34 ||    34
       Scimitar          |       |       |     1 ||     1
 Cast: Sandblast         |    51 |    70 |    50 ||   171
       Stone Arrow       |       |     1 |     5 ||     6
       Lee's Rapid Decon |       |       |    55 ||    55
  Use: Scroll            |       |    15 |    11 ||    26
       Potion            |       |       |     2 ||     2
 Stab: Sleeping          |     3 |     2 |     4 ||     9
Armor: Robe              |     9 |     5 |    34 ||    48
Dodge: Dodged            |    19 |    18 |    81 ||   118
       Rpst.: Falchion   |       |       |    19 ||    19
